[ AOE2 MATCH · #486079780 ]
UnrankedSlavs vs Khmer
[ REPLAY ANALYSIS · EXTRACTED FROM THE RECORDED GAME ]
Feudal
12:17
Castle
15:52
Imperial
20:40
| APM avg | 62.7 |
| APM peak | 96 |
| eAPM avg | 40.3 |
| Villagers / military | 100 / 404 |
Focus
⚔️ 48.9% · 🌾 51.1%
Militia ×358 · Fishing Ship ×56 · Spearman ×33 · Battering Ram ×10 · Monk ×1 · Mangonel ×1
Feudal
9:55
Castle
14:19
Imperial
38:01
| APM avg | 50.0 |
| APM peak | 90 |
| eAPM avg | 26.5 |
| Villagers / military | 182 / 226 |
Focus
⚔️ 33.8% · 🌾 66.2%
Battle Elephant ×108 · Scout Cavalry ×50 · Scorpion ×47 · Knight ×16 · Battering Ram ×3 · Mangonel ×2
Feudal
11:38
Castle
15:21
Imperial
29:08
| APM avg | 65.6 |
| APM peak | 109 |
| eAPM avg | 32.3 |
| Villagers / military | 214 / 266 |
Focus
⚔️ 42.9% · 🌾 57.1%
Cavalry Archer ×150 · Scout Cavalry ×96 · Fishing Ship ×27 · Janissary ×8 · Trebuchet (Packed) ×5 · Cannon Galleon ×3
Feudal
9:15
Castle
12:16
Imperial
27:16
| APM avg | 70.1 |
| APM peak | 119 |
| eAPM avg | 43.5 |
| Villagers / military | 203 / 265 |
Focus
⚔️ 50.6% · 🌾 49.4%
Spearman ×120 · Archer ×113 · Skirmisher ×16 · Trebuchet (Packed) ×14 · Karambit Warrior ×2
Match map
Initial resources + every placement click. Lines = walls · curves = elevation contours. ◆ gold · ⬟ stone · ● berries · ✦ relic · ◌ wall gap
Your base· Open — 4t gap
Bohnski's base· Open — 6t gap
Ivolia's base· Open — unwalled flank
Edelreiss's base· Open — unwalled flank
Smoothed initial terrain · ◌ = detected wall gap · hover for details
Inputs per minute
— Oni.TheViper - - Bohnski
Build order — Oni.TheViper
First 150 of 504 actions detected
| 0:00 | Create | Villager (Male) |
| 0:01 | Create | Villager (Male) |
| 0:02 | Build | House |
| 0:04 | Build | House |
| 0:14 | Create | Villager (Male) |
| 0:15 | Create | Villager (Male) |
| 0:18 | Research | Loom |
| 0:54 | Create | Villager (Male) |
| 1:16 | Create | Villager (Male) |
| 1:23 | Create | Villager (Male) |
| 1:39 | Create | Villager (Male) |
| 1:55 | Create | Villager (Male) |
| 2:03 | Build | House |
| 2:11 | Create | Villager (Male) |
| 2:11 | Create | Villager (Male) |
| 2:23 | Create | Villager (Male) |
| 2:32 | Build | House |
| 2:33 | Create | Villager (Male) |
| 2:50 | Create | Villager (Male) |
| 2:50 | Create | Villager (Male) |
| 2:51 | Build | Lumber Camp |
| 3:02 | Create | Villager (Male) |
| 3:11 | Create | Villager (Male) |
| 3:23 | Create | Villager (Male) |
| 3:25 | Create | Villager (Male) |
| 3:28 | Build | House |
| 3:37 | Create | Villager (Male) |
| 3:38 | Create | Villager (Male) |
| 3:57 | Build | House |
| 4:00 | Create | Villager (Male) |
| 4:10 | Create | Villager (Male) |
| 4:11 | Create | Villager (Male) |
| 4:31 | Create | Villager (Male) |
| 4:31 | Create | Villager (Male) |
| 4:46 | Create | Villager (Male) |
| 5:03 | Create | Villager (Male) |
| 5:03 | Create | Villager (Male) |
| 5:13 | Create | Villager (Male) |
| 5:27 | Build | House |
| 5:28 | Create | Villager (Male) |
| 5:29 | Create | Villager (Male) |
| 5:30 | Create | Villager (Male) |
| 5:47 | Create | Villager (Male) |
| 5:57 | Build | Dock |
| 6:00 | Create | Villager (Male) |
| 6:17 | Create | Villager (Male) |
| 6:24 | Create | Villager (Male) |
| 6:25 | Create | Villager (Male) |
| 6:30 | Build | Lumber Camp |
| 6:30 | Create | Villager (Male) |
| 6:39 | Create | Villager (Male) |
| 6:44 | Build | House |
| 6:52 | Create | Fishing Ship |
| 7:07 | Create | Villager (Male) |
| 7:16 | Create | Villager (Male) |
| 7:19 | Build | Dock |
| 7:34 | Build | House |
| 7:36 | Build | House |
| 7:53 | Create | Fishing Ship |
| 7:55 | Create | Villager (Male) |
| 7:57 | Create | Fishing Ship |
| 7:59 | Build | House |
| 8:00 | Create | Villager (Male) |
| 8:04 | Create | Villager (Male) |
| 8:16 | Create | Villager (Male) |
| 8:19 | Build | Palisade Gate |
| 8:28 | Create | Fishing Ship |
| 8:29 | Create | Fishing Ship |
| 8:29 | Create | Villager (Male) |
| 8:30 | Build | House |
| 8:58 | Create | Villager (Male) |
| 8:59 | Create | Villager (Male) |
| 9:04 | Create | Fishing Ship |
| 9:04 | Create | Fishing Ship |
| 9:07 | Build | Mill |
| 9:36 | Build | Dock |
| 9:39 | Research | Feudal Age |
| 9:39 | Create | Villager (Male) |
| 9:59 | Build | Dock |
| 10:01 | Create | Fishing Ship |
| 10:05 | Create | Fishing Ship |
| 10:17 | Create | Fishing Ship |
| 10:17 | Create | Fishing Ship |
| 10:24 | Create | Fishing Ship |
| 10:33 | Create | Villager (Male) |
| 10:35 | Create | Villager (Male) |
| 10:36 | Create | Fishing Ship |
| 10:38 | Create | Fishing Ship |
| 10:42 | Create | Fishing Ship |
| 11:00 | Build | Mill |
| 11:06 | Create | Villager (Male) |
| 11:06 | Create | Villager (Male) |
| 11:18 | Create | Fishing Ship |
| 11:20 | Create | Villager (Male) |
| 11:21 | Build | House |
| 11:25 | Build | Mining Camp |
| 11:28 | Build | House |
| 11:28 | Build | House |
| 11:32 | Create | Fishing Ship |
| 11:32 | Create | Fishing Ship |
| 11:46 | Build | Mining Camp |
| 11:49 | Build | House |
| 11:49 | Build | House |
| 11:59 | Create | Fishing Ship |
| 12:03 | Create | Fishing Ship |
| 12:03 | Create | Fishing Ship |
| 12:12 | Create | Villager (Male) |
| 12:12 | Create | Villager (Male) |
| 12:17 | Age | Feudal Age |
| 12:19 | Create | Villager (Male) |
| 12:20 | Build | Market |
| 12:30 | Build | Blacksmith |
| 12:33 | Research | Double-Bit Axe |
| 12:36 | Create | Villager (Male) |
| 12:36 | Create | Villager (Male) |
| 12:37 | Create | Villager (Male) |
| 12:48 | Research | Tech 906 |
| 12:48 | Research | Tech 906 |
| 13:06 | Build | Mining Camp |
| 13:12 | Research | Castle Age |
| 13:12 | Research | Castle Age |
| 13:17 | Create | Fishing Ship |
| 13:17 | Create | Fishing Ship |
| 13:18 | Create | Fishing Ship |
| 13:23 | Create | Fishing Ship |
| 13:32 | Research | Gold Mining |
| 13:40 | Build | House |
| 13:41 | Build | House |
| 13:42 | Build | House |
| 14:03 | Research | Wheelbarrow |
| 14:05 | Create | Villager (Male) |
| 14:19 | Create | Villager (Male) |
| 14:20 | Create | Villager (Male) |
| 14:23 | Build | Barracks |
| 14:26 | Build | Barracks |
| 14:28 | Create | Villager (Male) |
| 14:30 | Build | Barracks |
| 14:33 | Research | Scale Mail Armor |
| 14:34 | Research | Forging |
| 14:49 | Create | Fishing Ship |
| 14:49 | Create | Fishing Ship |
| 14:50 | Create | Fishing Ship |
| 14:51 | Create | Fishing Ship |
| 14:51 | Create | Villager (Male) |
| 15:18 | Create | Spearman |
| 15:22 | Create | Spearman |
| 15:24 | Create | Spearman |
| 15:27 | Build | Lumber Camp |
| 15:28 | Create | Spearman |
| 15:28 | Create | Spearman |
Build order — Bohnski
First 150 of 538 actions detected
| 0:01 | Create | Villager (Male) |
| 0:03 | Build | House |
| 0:06 | Create | Villager (Male) |
| 0:07 | Create | Villager (Male) |
| 0:20 | Create | Villager (Male) |
| 0:24 | Build | House |
| 0:44 | Research | Loom |
| 1:00 | Create | Villager (Male) |
| 1:23 | Create | Villager (Male) |
| 1:26 | Create | Villager (Male) |
| 1:51 | Create | Villager (Male) |
| 1:55 | Build | Lumber Camp |
| 1:58 | Create | Villager (Male) |
| 2:06 | Create | Villager (Male) |
| 2:17 | Create | Villager (Male) |
| 2:34 | Build | House |
| 2:39 | Create | Villager (Male) |
| 2:49 | Create | Villager (Male) |
| 3:01 | Build | House |
| 3:12 | Create | Villager (Male) |
| 3:15 | Create | Villager (Male) |
| 3:19 | Build | House |
| 3:29 | Create | Villager (Male) |
| 3:33 | Create | Villager (Male) |
| 3:42 | Build | House |
| 4:08 | Create | Villager (Male) |
| 4:08 | Create | Villager (Male) |
| 4:25 | Build | House |
| 4:26 | Create | Villager (Male) |
| 4:31 | Create | Villager (Male) |
| 4:52 | Create | Villager (Male) |
| 4:52 | Create | Villager (Male) |
| 5:10 | Build | House |
| 5:12 | Create | Villager (Male) |
| 5:12 | Create | Villager (Male) |
| 5:33 | Create | Villager (Male) |
| 5:51 | Create | Villager (Male) |
| 5:51 | Create | Villager (Male) |
| 5:51 | Create | Villager (Male) |
| 6:02 | Build | Dock |
| 6:25 | Create | Villager (Male) |
| 6:29 | Create | Villager (Male) |
| 6:41 | Build | Mill |
| 6:52 | Create | Villager (Male) |
| 6:53 | Create | Villager (Male) |
| 7:06 | Create | Villager (Male) |
| 7:12 | Build | Mining Camp |
| 7:45 | Research | Feudal Age |
| 7:45 | Research | Feudal Age |
| 7:55 | Create | Villager (Male) |
| 8:04 | Build | Mill |
| 8:09 | Build | Lumber Camp |
| 8:30 | Create | Villager (Male) |
| 8:33 | Build | Mill |
| 8:38 | Create | Villager (Male) |
| 8:48 | Build | Barracks |
| 8:50 | Build | Palisade Wall |
| 8:54 | Build | Palisade Wall |
| 9:01 | Create | Villager (Male) |
| 9:01 | Create | Villager (Male) |
| 9:08 | Build | House |
| 9:10 | Build | Palisade Wall |
| 9:15 | Create | Villager (Male) |
| 9:32 | Build | Farm |
| 9:32 | Build | Farm |
| 9:33 | Build | Farm |
| 9:33 | Build | Farm |
| 9:33 | Build | Farm |
| 9:33 | Build | Farm |
| 9:53 | Create | Villager (Male) |
| 9:55 | Age | Feudal Age |
| 9:56 | Build | Farm |
| 9:56 | Build | Farm |
| 9:56 | Build | Farm |
| 9:56 | Build | Farm |
| 10:17 | Build | House |
| 10:19 | Build | House |
| 10:20 | Build | Palisade Wall |
| 10:23 | Create | Villager (Male) |
| 10:23 | Create | Villager (Male) |
| 10:37 | Build | Farm |
| 10:37 | Build | Farm |
| 10:37 | Build | Farm |
| 10:38 | Build | Farm |
| 10:38 | Build | Farm |
| 10:42 | Create | Villager (Male) |
| 10:55 | Build | Farm |
| 10:56 | Build | Farm |
| 10:59 | Create | Villager (Male) |
| 11:02 | Create | Villager (Male) |
| 11:14 | Build | Farm |
| 11:18 | Build | Farm |
| 11:32 | Build | Farm |
| 11:34 | Build | Farm |
| 11:39 | Research | Castle Age |
| 11:51 | Research | Gold Mining |
| 11:54 | Create | Villager (Male) |
| 11:55 | Research | Horse Collar |
| 12:00 | Build | Farm |
| 12:28 | Build | Stable |
| 12:36 | Create | Villager (Male) |
| 12:37 | Create | Villager (Male) |
| 12:38 | Create | Villager (Male) |
| 12:41 | Build | Farm |
| 12:44 | Build | Farm |
| 12:49 | Research | Gold Mining |
| 13:30 | Build | Stable |
| 13:32 | Build | House |
| 13:33 | Create | Scout Cavalry |
| 13:35 | Create | Villager (Male) |
| 13:35 | Create | Villager (Male) |
| 13:45 | Create | Villager (Male) |
| 13:46 | Create | Villager (Male) |
| 14:05 | Build | Farm |
| 14:05 | Build | Farm |
| 14:05 | Build | Farm |
| 14:05 | Build | Farm |
| 14:06 | Build | Farm |
| 14:19 | Age | Castle Age |
| 14:22 | Create | Knight |
| 14:23 | Create | Knight |
| 14:36 | Build | Stable |
| 14:40 | Research | Husbandry |
| 14:41 | Create | Villager (Male) |
| 14:41 | Create | Villager (Male) |
| 14:42 | Research | Double-Bit Axe |
| 14:48 | Create | Villager (Male) |
| 15:10 | Create | Knight |
| 15:10 | Create | Knight |
| 15:15 | Build | Stable |
| 15:16 | Create | Villager (Male) |
| 15:17 | Create | Villager (Male) |
| 15:24 | Build | Mining Camp |
| 15:26 | Create | Villager (Male) |
| 15:27 | Create | Villager (Male) |
| 15:28 | Create | Knight |
| 15:30 | Research | Bloodlines |
| 15:36 | Build | House |
| 15:37 | Build | House |
| 15:38 | Build | House |
| 15:39 | Build | House |
| 15:41 | Create | Villager (Male) |
| 15:41 | Create | Villager (Male) |
| 15:46 | Create | Villager (Male) |
| 15:46 | Create | Villager (Male) |
| 15:47 | Research | Wheelbarrow |
| 15:52 | Build | House |
| 15:53 | Build | House |
| 15:56 | Build | House |
| 15:56 | Build | House |
Build order — Ivolia
First 150 of 741 actions detected
| 0:00 | Create | Villager (Male) |
| 0:01 | Create | Villager (Male) |
| 0:01 | Create | Villager (Male) |
| 0:01 | Create | Villager (Male) |
| 0:02 | Build | House |
| 0:03 | Build | House |
| 0:42 | Research | Loom |
| 0:49 | Build | House |
| 1:03 | Create | Villager (Male) |
| 1:23 | Create | Villager (Male) |
| 1:23 | Create | Villager (Male) |
| 1:25 | Build | House |
| 1:31 | Create | Villager (Male) |
| 1:54 | Create | Villager (Male) |
| 1:59 | Build | Lumber Camp |
| 2:18 | Create | Villager (Male) |
| 2:18 | Create | Villager (Male) |
| 2:25 | Create | Villager (Male) |
| 2:52 | Create | Villager (Male) |
| 2:54 | Create | Villager (Male) |
| 2:55 | Create | Villager (Male) |
| 2:55 | Create | Villager (Male) |
| 3:22 | Create | Villager (Male) |
| 3:23 | Create | Villager (Male) |
| 3:23 | Create | Villager (Male) |
| 3:42 | Create | Villager (Male) |
| 4:04 | Create | Villager (Male) |
| 4:04 | Create | Villager (Male) |
| 4:09 | Create | Villager (Male) |
| 4:10 | Create | Villager (Male) |
| 4:10 | Create | Villager (Male) |
| 4:12 | Create | Villager (Male) |
| 4:48 | Build | Lumber Camp |
| 4:51 | Create | Villager (Male) |
| 4:51 | Create | Villager (Male) |
| 5:15 | Create | Villager (Male) |
| 5:15 | Create | Villager (Male) |
| 5:32 | Create | Villager (Male) |
| 5:32 | Create | Villager (Male) |
| 5:33 | Create | Villager (Male) |
| 5:36 | Build | House |
| 6:07 | Create | Villager (Male) |
| 6:09 | Build | House |
| 6:10 | Build | House |
| 6:18 | Create | Villager (Male) |
| 6:23 | Build | Dock |
| 6:26 | Build | House |
| 6:29 | Create | Villager (Male) |
| 6:49 | Create | Villager (Male) |
| 7:14 | Create | Villager (Male) |
| 7:15 | Create | Villager (Male) |
| 7:22 | Create | Fishing Ship |
| 7:25 | Create | Fishing Ship |
| 7:35 | Create | Villager (Male) |
| 7:47 | Build | Mill |
| 7:55 | Create | Villager (Male) |
| 8:00 | Create | Villager (Male) |
| 8:00 | Create | Villager (Male) |
| 8:06 | Build | Mill |
| 8:16 | Create | Villager (Male) |
| 8:21 | Build | Mining Camp |
| 8:24 | Create | Fishing Ship |
| 8:28 | Build | Dock |
| 8:30 | Create | Villager (Male) |
| 8:38 | Build | House |
| 8:38 | Build | House |
| 8:39 | Build | House |
| 8:40 | Build | Palisade Wall |
| 8:42 | Create | Villager (Male) |
| 8:53 | Create | Fishing Ship |
| 9:08 | Create | Villager (Male) |
| 9:15 | Create | Fishing Ship |
| 9:19 | Build | House |
| 9:20 | Build | Palisade Wall |
| 9:21 | Build | House |
| 9:28 | Research | Feudal Age |
| 9:30 | Create | Villager (Male) |
| 9:42 | Build | House |
| 9:49 | Build | Palisade Wall |
| 9:50 | Build | House |
| 9:56 | Create | Villager (Male) |
| 10:00 | Create | Fishing Ship |
| 10:03 | Create | Fishing Ship |
| 10:21 | Create | Villager (Male) |
| 10:30 | Build | Barracks |
| 10:39 | Build | House |
| 10:40 | Build | Palisade Wall |
| 10:47 | Create | Villager (Male) |
| 10:54 | Create | Fishing Ship |
| 10:54 | Create | Fishing Ship |
| 11:07 | Create | Villager (Male) |
| 11:14 | Build | Dock |
| 11:28 | Create | Villager (Male) |
| 11:38 | Age | Feudal Age |
| 11:40 | Create | Villager (Male) |
| 11:50 | Build | Stable |
| 11:54 | Create | Villager (Male) |
| 11:54 | Create | Villager (Male) |
| 12:02 | Build | Blacksmith |
| 12:04 | Build | House |
| 12:29 | Build | House |
| 12:41 | Research | Castle Age |
| 12:42 | Create | Villager (Male) |
| 12:42 | Create | Villager (Male) |
| 12:55 | Create | Villager (Male) |
| 12:58 | Create | Unit 2626 |
| 12:58 | Create | Unit 2626 |
| 13:09 | Create | Villager (Male) |
| 13:26 | Research | Wheelbarrow |
| 13:27 | Research | Double-Bit Axe |
| 13:28 | Create | Villager (Male) |
| 13:35 | Create | Scout Cavalry |
| 13:35 | Create | Scout Cavalry |
| 13:51 | Create | Fishing Ship |
| 13:51 | Create | Fishing Ship |
| 13:53 | Research | Tech 906 |
| 13:54 | Create | Villager (Male) |
| 13:59 | Create | Galley |
| 13:59 | Create | Galley |
| 14:13 | Build | House |
| 14:15 | Build | Palisade Wall |
| 14:18 | Create | Villager (Male) |
| 14:21 | Create | Scout Cavalry |
| 14:22 | Research | Bloodlines |
| 14:23 | Create | Villager (Male) |
| 14:36 | Create | Villager (Male) |
| 14:45 | Create | Villager (Male) |
| 14:47 | Create | Fishing Ship |
| 14:47 | Create | Fishing Ship |
| 14:48 | Create | Villager (Male) |
| 14:55 | Research | Scale Barding Armor |
| 15:05 | Build | Fish Trap |
| 15:11 | Create | Villager (Male) |
| 15:14 | Create | Fishing Ship |
| 15:14 | Create | Fishing Ship |
| 15:16 | Create | Villager (Male) |
| 15:21 | Age | Castle Age |
| 15:28 | Build | Town Center |
| 15:34 | Build | Town Center |
| 15:40 | Create | Scout Cavalry |
| 15:40 | Create | Villager (Male) |
| 15:43 | Research | Forging |
| 15:49 | Create | Fishing Ship |
| 15:49 | Create | Fishing Ship |
| 15:57 | Build | Town Center |
| 15:59 | Create | Villager (Male) |
| 16:00 | Create | Villager (Male) |
| 16:04 | Build | Farm |
| 16:11 | Create | Villager (Male) |
| 16:11 | Create | Villager (Male) |
Build order — Edelreiss
First 150 of 681 actions detected
| 0:00 | Create | Villager (Male) |
| 0:01 | Create | Villager (Male) |
| 0:01 | Create | Villager (Male) |
| 0:02 | Build | House |
| 0:02 | Build | House |
| 0:06 | Create | Villager (Male) |
| 0:08 | Build | House |
| 0:09 | Build | House |
| 0:49 | Research | Loom |
| 1:02 | Create | Villager (Male) |
| 1:03 | Create | Villager (Male) |
| 1:16 | Create | Villager (Male) |
| 1:37 | Create | Villager (Male) |
| 1:37 | Create | Villager (Male) |
| 1:44 | Create | Villager (Male) |
| 1:44 | Create | Villager (Male) |
| 2:06 | Create | Villager (Male) |
| 2:07 | Create | Villager (Male) |
| 2:07 | Create | Villager (Male) |
| 2:14 | Create | Villager (Male) |
| 2:14 | Create | Villager (Male) |
| 2:23 | Create | Villager (Male) |
| 2:43 | Build | Lumber Camp |
| 2:48 | Create | Villager (Male) |
| 2:49 | Create | Villager (Male) |
| 2:49 | Create | Villager (Male) |
| 3:02 | Create | Villager (Male) |
| 3:16 | Create | Villager (Male) |
| 3:16 | Create | Villager (Male) |
| 3:29 | Create | Villager (Male) |
| 3:39 | Create | Villager (Male) |
| 3:39 | Create | Villager (Male) |
| 3:59 | Create | Villager (Male) |
| 4:02 | Create | Villager (Male) |
| 4:04 | Create | Villager (Male) |
| 4:24 | Build | House |
| 4:31 | Create | Villager (Male) |
| 4:35 | Create | Villager (Male) |
| 4:47 | Create | Villager (Male) |
| 4:58 | Build | House |
| 5:05 | Create | Villager (Male) |
| 5:16 | Create | Villager (Male) |
| 5:25 | Build | Mining Camp |
| 5:32 | Create | Villager (Male) |
| 5:39 | Create | Villager (Male) |
| 5:46 | Create | Villager (Male) |
| 5:51 | Create | Villager (Male) |
| 5:59 | Create | Villager (Male) |
| 6:12 | Build | Mill |
| 6:22 | Build | House |
| 6:25 | Create | Villager (Male) |
| 6:40 | Create | Villager (Male) |
| 6:47 | Create | Villager (Male) |
| 7:13 | Create | Villager (Male) |
| 7:21 | Create | Villager (Male) |
| 7:27 | Research | Feudal Age |
| 7:44 | Build | House |
| 8:02 | Create | Villager (Male) |
| 8:10 | Build | House |
| 8:31 | Build | Farm |
| 8:37 | Create | Villager (Male) |
| 8:44 | Build | Farm |
| 8:53 | Create | Villager (Male) |
| 9:15 | Age | Feudal Age |
| 9:17 | Create | Villager (Male) |
| 9:21 | Build | Market |
| 9:25 | Build | Blacksmith |
| 9:28 | Create | Villager (Male) |
| 9:40 | Create | Villager (Male) |
| 9:43 | Build | Farm |
| 9:52 | Create | Villager (Male) |
| 9:57 | Build | Mill |
| 10:09 | Build | Farm |
| 10:09 | Create | Villager (Male) |
| 10:28 | Build | House |
| 10:40 | Research | Castle Age |
| 10:41 | Research | Castle Age |
| 11:01 | Build | Farm |
| 11:02 | Research | Horse Collar |
| 11:02 | Research | Horse Collar |
| 11:12 | Create | Villager (Male) |
| 11:31 | Create | Villager (Male) |
| 11:35 | Create | Villager (Male) |
| 11:36 | Create | Villager (Male) |
| 11:39 | Build | Barracks |
| 11:40 | Research | Double-Bit Axe |
| 11:40 | Research | Double-Bit Axe |
| 11:45 | Build | Farm |
| 11:46 | Build | Farm |
| 11:46 | Build | Farm |
| 11:46 | Build | Farm |
| 11:51 | Create | Villager (Male) |
| 11:55 | Build | Farm |
| 11:56 | Build | Farm |
| 11:59 | Create | Villager (Male) |
| 12:08 | Create | Villager (Male) |
| 12:12 | Create | Villager (Male) |
| 12:14 | Create | Villager (Male) |
| 12:16 | Age | Castle Age |
| 12:23 | Create | Villager (Male) |
| 12:40 | Build | Archery Range |
| 12:41 | Create | Villager (Male) |
| 12:45 | Create | Villager (Male) |
| 12:48 | Create | Villager (Male) |
| 12:54 | Create | Villager (Male) |
| 12:55 | Create | Spearman |
| 13:00 | Build | Lumber Camp |
| 13:01 | Create | Villager (Male) |
| 13:18 | Build | House |
| 13:19 | Create | Villager (Male) |
| 13:21 | Create | Villager (Male) |
| 13:27 | Build | Archery Range |
| 13:30 | Research | Fletching |
| 13:30 | Research | Fletching |
| 13:45 | Create | Archer |
| 13:45 | Create | Archer |
| 13:46 | Create | Villager (Male) |
| 13:49 | Build | Farm |
| 13:51 | Create | Villager (Male) |
| 14:01 | Build | Town Center |
| 14:05 | Create | Archer |
| 14:06 | Create | Villager (Male) |
| 14:08 | Build | Farm |
| 14:10 | Build | Farm |
| 14:11 | Create | Villager (Male) |
| 14:17 | Create | Archer |
| 14:20 | Build | House |
| 14:21 | Build | House |
| 14:22 | Build | House |
| 14:29 | Research | Crossbowman (upgrade) |
| 14:29 | Research | Crossbowman (upgrade) |
| 14:35 | Create | Archer |
| 14:37 | Build | Farm |
| 14:38 | Build | Farm |
| 14:39 | Create | Archer |
| 14:40 | Create | Villager (Male) |
| 14:44 | Build | House |
| 14:45 | Build | House |
| 14:47 | Create | Archer |
| 14:47 | Create | Villager (Male) |
| 14:53 | Create | Villager (Male) |
| 15:04 | Build | Archery Range |
| 15:08 | Create | Archer |
| 15:08 | Create | Archer |
| 15:14 | Research | Bodkin Arrow |
| 15:16 | Create | Villager (Male) |
| 15:17 | Create | Villager (Male) |
| 15:21 | Create | Villager (Male) |
| 15:31 | Create | Villager (Male) |
| 15:34 | Create | Villager (Male) |
Match timeline
| 5:57 | Oni.TheViper · first_building Dock |
| 6:02 | Bohnski · first_building Dock |
| 6:23 | Ivolia · first_building Dock |
| 8:40 | Ivolia · wall_segment Palisade Wall x1 |
| 8:48 | Bohnski · first_building Barracks |
| 8:50 | Bohnski · wall_segment Palisade Wall x6 |
| 8:54 | Bohnski · wall_segment Palisade Wall x7 |
| 9:10 | Bohnski · wall_segment Palisade Wall x2 |
| 9:15 | Edelreiss · age_up feudal |
| 9:20 | Ivolia · wall_segment Palisade Wall x1 |
| 9:49 | Ivolia · wall_segment Palisade Wall x1 |
| 9:55 | Bohnski · age_up feudal |
| 10:12 | Edelreiss · first_market_buy 100 food |
| 10:20 | Bohnski · wall_segment Palisade Wall x6 |
| 10:25 | Edelreiss · first_market_sell 100 wood |
| 10:30 | Ivolia · first_building Barracks |
| 10:40 | Ivolia · wall_segment Palisade Wall x4 |
| 11:38 | Ivolia · age_up feudal |
| 11:39 | Edelreiss · first_building Barracks |
| 11:50 | Ivolia · first_building Stable |
| 12:16 | Edelreiss · age_up castle |
| 12:17 | Oni.TheViper · age_up feudal |
| 12:28 | Bohnski · first_building Stable |
| 12:40 | Edelreiss · first_building Archery Range |
| 14:15 | Ivolia · wall_segment Palisade Wall x6 |
| 14:19 | Bohnski · age_up castle |
| 14:23 | Oni.TheViper · first_building Barracks |
| 15:21 | Ivolia · age_up castle |
| 15:52 | Oni.TheViper · age_up castle |
| 15:54 | Oni.TheViper · first_building Monastery |
| 15:57 | Oni.TheViper · first_building Siege Workshop |
| 16:11 | Oni.TheViper · wall_segment Palisade Wall x2 |
| 16:15 | Oni.TheViper · wall_segment Palisade Wall x1 |
| 16:46 | Ivolia · wall_segment Palisade Wall x1 |
| 17:12 | Oni.TheViper · wall_segment Palisade Wall x1 |
| 17:13 | Oni.TheViper · wall_segment Palisade Wall x1 |
| 17:36 | Bohnski · first_building Siege Workshop |
| 17:58 | Ivolia · first_building Archery Range |
| 18:40 | Edelreiss · wall_segment Palisade Wall x1 |
| 18:41 | Edelreiss · wall_segment Palisade Wall x2 |
| 18:56 | Ivolia · first_building Siege Workshop |
| 19:22 | Ivolia · wall_segment Stone Wall x1 |
| 19:26 | Ivolia · wall_segment Stone Wall x1 |
| 20:24 | Oni.TheViper · first_market_buy 100 food |
| 20:40 | Oni.TheViper · age_up imperial |
| 21:37 | Oni.TheViper · first_market_sell 100 stone |
| 22:00 | Ivolia · first_building Castle |
| 24:01 | Edelreiss · first_building Castle |
| 24:07 | Bohnski · first_market_sell 100 wood |
| 24:29 | Edelreiss · first_building Monastery |
| 27:16 | Edelreiss · age_up imperial |
| 27:43 | Bohnski · first_building Castle |
| 29:04 | Edelreiss · tribute_sent a jugador 1 |
| 29:04 | Edelreiss · tribute_sent a jugador 2 |
| 29:04 | Edelreiss · tribute_sent a jugador 3 |
| 29:08 | Ivolia · age_up imperial |
| 29:13 | Oni.TheViper · first_building Castle |
| 29:51 | Oni.TheViper · wall_segment Stone Wall x1 |
| 29:52 | Oni.TheViper · wall_segment Stone Wall x1 |
| 30:37 | Bohnski · first_market_buy 100 stone |
| 38:01 | Bohnski · age_up imperial |
| 41:25 | Ivolia · resign |
[ AI ANALYSIS · 1 CREDIT ]
What really happened in this match?
Wolo.gg analyzes every decision: build order, eco, micro, common mistakes by bracket. Personalized analysis on WhatsApp or Discord in 30 seconds.
Civ guide
Slavs
Perfil
Jugador #196240